 Dungeon Crawl Stone Soup version 0.29-a0-284-gf9362112df (webtiles) character file.

Game seed: 17208968166491072420

35256 sammy202020 the Warrior (level 13, -5/128 HPs)
             Began as a Minotaur Berserker on Mar 22, 2022.
             Was a High Priest of Trog.
             Killed from afar by testman's ghost (27 damage)
             ... with a stone arrow
             ... on level 12 of the Dungeon.
             The game lasted 00:33:40 (16289 turns).

sammy202020 the Warrior (Minotaur Berserker)       Turns: 16289, Time: 00:33:40

Health: -5/128     AC: 27    Str: 22    XL:     13   Next: 46%
Magic:  12/12      EV: 12    Int:  6    God:    Trog [*****.]
Gold:   370        SH:  0    Dex: 14    Spells: 12/12 levels left

rFire   + + +      SeeInvis .   F - +0 battleaxe
rCold   + + +      Faith    .   (shield currently unavailable)
rNeg    . . .      Spirit   .   u - +1 plate armour
rPois   .          Reflect  .   y - +2 hat
rElec   .          Harm     .   o - +1 cloak {Stlth+}
rCorr   .          Rampage  .   i - +0 pair of fencer's gloves {Riposte Dex+3}
Will    +....                   b - +1 pair of boots {Fly}
Stlth   ..........              L - amulet "Bosel" {rF++ rC+++ Will- Regen+ Int-2}
HPRegen 2.11/turn               h - ring of protection from fire
MPRegen 0.13/turn               (no ring)

@: mighty, strong-willed, on berserk cooldown, flying, regenerating, hasted and
slowed, studying Dodging
A: horns 2, retaliatory headbutt
a: Renounce Religion, Berserk, Trog's Hand, Brothers in Arms


You were on level 12 of the Dungeon.
You worshipped Trog.
Trog was extremely pleased with you.
You visited 1 branch of the dungeon, and saw 12 of its levels.
You also visited: Sewer and Bailey.

You collected 1785 gold pieces.
You spent 1415 gold pieces at shops.

Inventory:

Hand Weapons
 a - the +9 heavy crossbow "Sniper" {vorpal, Acc+∞ SInv}
   (You took it off an orc warrior in a bailey)

   Any ammunition fired from it inflicts extra damage upon your enemies.
   Any ammunition fired from it never misses its target.
   SInv:      It lets you see invisible.
 m - a +2 flail of protection
 n - the +1 whip "Tazan" {speed, rElec}
   (You found it on level 3 of the Dungeon)

   Attacks with this weapon are significantly faster.
   rElec:     It insulates you from electricity.
 F - a +0 battleaxe (weapon)
 K - a +0 flail
 N - a +1 broad axe of electrocution
 Q - the +3 whip of Defiance {vorpal, +Blink Dex+3 Stlth+}
   (You found it on level 11 of the Dungeon)

   It inflicts extra damage upon your enemies.
   Dex:       It affects your dexterity (+3).
   +Blink:    It lets you blink.
   Stlth:     It makes you more stealthy.
Missiles
 e - 4 atropa-tipped darts (quivered)
 v - 23 poisoned darts
 B - a throwing net
 E - 7 boomerangs
 J - 2 curare-tipped darts
Armour
 b - a +1 pair of boots of flying (worn)
 g - a +0 pair of boots
 i - the +0 pair of fencer's gloves (worn) {Riposte Dex+3}
   (You acquired it on level 5 of the Dungeon)

   It allows the wearer to riposte with melee weapons, swiftly retaliating
   against missed attacks.
   Dex:       It affects your dexterity (+3).
 o - a +1 cloak of stealth (worn)
 u - a +1 plate armour (worn)
 y - a +2 hat (worn)
Jewellery
 c - a ring of fire
 h - a ring of protection from fire (left hand)
 D - an amulet of guardian spirit
 L - the amulet "Bosel" (around neck) {rF++ rC+++ Will- Regen+ Int-2}
   (You found it on level 11 of the Dungeon)

   [amulet of regeneration]

   Int:       It affects your intelligence (-2).
   rF:        It greatly protects you from fire.
   rC:        It renders you almost immune to cold.
   Regen:     It increases your rate of health regeneration.
   Will:      It decreases your willpower.
 M - the ring "Eshe Hoi" {rElec rPois}
   (You took it off a death knight on level 11 of the Dungeon)

   [ring of poison resistance]

   rElec:     It insulates you from electricity.
   rPois:     It protects you from poison.
 O - the ring of the Riding Gods {rC+ rCorr}
   (You found it on level 11 of the Dungeon)

   [ring of protection from cold]

   rC:        It protects you from cold.
   rCorr:     It protects you from acid and corrosion.
 P - the ring "Reistao" {rPois Will+ Str+6 Int-5}
   (You found it on level 11 of the Dungeon)

   [ring of strength]

   Str:       It affects your strength (+6).
   Int:       It affects your intelligence (-5).
   rPois:     It protects you from poison.
   Will:      It increases your willpower.
 S - a ring of ice
Wands
 s - a wand of flame (27)
 C - a wand of iceblast (23)
Scrolls
 f - 7 scrolls of immolation
 l - 4 scrolls of blinking
 p - 4 scrolls of teleportation
 w - 3 scrolls of enchant armour
 A - 3 scrolls of enchant weapon
 G - a scroll of silence {unknown}
 R - a scroll of summoning
Potions
 d - 4 potions of attraction
 j - 3 potions of haste
 k - 3 potions of lignification
 q - a potion of brilliance
 r - a potion of flight
 t - a potion of ambrosia
 z - 5 potions of curing
 H - a potion of invisibility {unknown}
 I - a potion of resistance {unknown}


   Skills:
 * Level 16.0 Fighting
 + Level 12.3 Axes
 * Level 15.7 Armour
 + Level 11.8 Dodging


You had 12 spell levels left.
You didn't know any spells.
Your spell library was empty.

Dungeon Overview and Level Annotations

Branches:
Dungeon (12/15)            Temple (0/1) D:4            Lair (0/6) D:9
  Sewer (visited)          Bailey (visited)
    Orc: D:9-12

Altars:
Dithmenos
Fedhas
Gozag
Kikubaaqudgha
Zin

Shops:
D:4 !   D:7 *   D:10 *   D:11 (

Portals:
Trove: D:10 (give horn of Geryon)

Annotations:
D:12 testman's ghost, journeyman GrEE


Innate Abilities, Weirdness & Mutations

You have a pair of horns on your head.
You reflexively headbutt those who attack you in melee.


Message History

You turn to flesh and can move again.
You slash the ice devil! You headbutt the ice devil!
The ice devil is severely wounded.
You closely miss testman's ghost. Testman's ghost hits you.
* * * LOW HITPOINT WARNING * * *
The ice devil misses you.
You feel better.
Testman's ghost gestures at you while chanting.
The blast of sand hits you but does no damage.
The ice devil hits you but does no damage.
You hit the ice devil but do no damage. You headbutt the ice devil.
The ice devil is severely wounded.
You miss testman's ghost.
Testman's ghost gestures at you while chanting.
The blast of sand misses you.
The ice devil hits you but does no damage.
The rime drake hisses angrily.
You slice the ice devil!!
You kill the ice devil!
Trog accepts your kill.
You completely miss testman's ghost.
Testman's ghost hits you but does no damage.
You miss testman's ghost.
Testman's ghost is heavily damaged.
Testman's ghost gestures at you while chanting.
The stone arrow hits you!
* * * LOW HITPOINT WARNING * * *
You miss testman's ghost. You headbutt testman's ghost!
Testman's ghost is severely damaged.
Testman's ghost points at you and mumbles some strange words.
The blast of sand hits you but does no damage.
You completely miss testman's ghost.
Testman's ghost is severely damaged.
Testman's ghost hits you!
* * * LOW HITPOINT WARNING * * *
You completely miss testman's ghost.
Testman's ghost is severely damaged.
Testman's ghost gestures at you while chanting.
The stone arrow hits you!!
You die...

#....#####[..............
#..###Z..###.............
..##.Z4Z...###...........
#.#...###....##..........
#.#..# #....#..........
#.#..# ?( #...#.##.......
..##.#... #...k.##.#....
...#Z..=. #...'W........
...#.$..?##...'.@†......
..##.....#....#..†......
..#.....##....#.........
<.#...###....##.........
..##..Z.....##..........
...# .....###...........
...## #####...#.........
....###.....####.#.#.###
..#...........#..#...#


You could see a rime drake and testman's ghost.

Vanquished Creatures
  Gastronok (D:9)
  An ice dragon (D:12)
  A death knight (D:11)
  2 two-headed ogres (D:11)
  An orc high priest (Bailey)
  Sonja (D:11)
  A skeletal warrior (D:11)
  2 orc knights (Bailey)
  A cyclops (D:11)
  A manticore (D:11)
  2 gargoyles (D:11)
  An efreet (D:11)
  5 kobold demonologists
  3 unseen horrors
  A yaktaur (D:11)
  A komodo dragon (D:11)
  2 ice devils (D:12)
  4 trolls
  A freezing wraith (D:11)
  2 hornets
  A slime creature (D:12)
  2 shadows (D:11)
  A wraith (D:11)
  2 vampires
  10 centaur simulacra
  3 humans (D:9)
  47 yaks
  3 basilisks (D:9)
  Grum (D:11)
  A vampire mosquito (D:11)
  3 water moccasins (D:9)
  An acid dragon (D:10)
  2 ice beasts
  12 orc warriors
  An ogre (D:6)
  2 wolves (D:11)
  8 centaurs
  2 phantoms
  6 bullfrogs
  Blork the orc (D:4)
  A gnoll sergeant (D:7)
  A scorpion (D:9)
  3 killer bees (D:10)
  6 electric eels (Bailey)
  A howler monkey (D:11)
  A gnoll shaman (D:8)
  A jelly (D:4)
  2 hounds
  2 orc priests
  7 iguanas
  11 orc wizards
  18 gnolls
  16 adders
  5 river rats (Sewer)
  A shadow imp (D:7)
  A white imp (D:7)
  An ufetubus (D:6)
  5 worms
  A dart slug (D:1)
  31 orcs
  3 endoplasms
  5 giant cockroaches
  14 goblins
  15 hobgoblins
  9 jackals
  12 kobolds
  3 quokkas
  8 ball pythons
  A bat (D:3)
  3 frilled lizards
  11 rats
342 creatures vanquished.

Vanquished Creatures (others)
  A hobgoblin (Bailey)
  2 fungi (D:9)
  17 plants
  2 withered plants (D:10)
22 creatures vanquished.

Grand Total: 364 creatures vanquished

Notes
Turn   | Place    | Note
-------+----------+-------------------------------------------
     0 | D:1      | sammy202020 the Minotaur Berserker began the quest for the
                  | Orb.
     0 | D:1      | Reached XP level 1. HP: 19/19 MP: 0/0
    83 | D:1      | Reached XP level 2. HP: 22/27 MP: 1/1
   255 | D:1      | Reached skill level 4 in Fighting
   618 | D:2      | Reached XP level 3. HP: 11/33 MP: 2/2
  1458 | D:2      | Found a faded altar of an unknown god.
  1544 | D:2      | Reached ** piety under Trog
  1893 | D:2      | Reached XP level 4. HP: 41/41 MP: 3/3
  2561 | D:3      | Found a shadowy altar of Dithmenos.
  2638 | D:3      | Identified the +1 whip "Tazan" {speed, rElec}
  2931 | D:3      | Reached skill level 5 in Fighting
  2935 | D:3      | Reached XP level 5. HP: 48/48 MP: 4/4
  3073 | D:3      | Found an opulent altar of Gozag.
  3173 | D:4      | Found a staircase to the Ecumenical Temple.
  3503 | D:4      | Found Sedwesuc's Distillery.
  3524 | D:4      | Noticed Blork the orc
  3534 | D:4      | Killed Blork the orc
  3654 | D:4      | Reached XP level 6. HP: 48/56 MP: 5/5
  3976 | D:5      | Entered Level 5 of the Dungeon
  4043 | D:5      | Reached skill level 5 in Armour
  4590 | D:5      | Found a glowing drain.
  4594 | Sewer    | Entered a sewer
  4732 | Sewer    | Reached skill level 6 in Fighting
  5027 | Sewer    | Reached skill level 5 in Axes
  5671 | D:5      | Reached XP level 7. HP: 43/64 MP: 6/6
  5673 | D:5      | Identified a scroll of acquirement
  5673 | D:5      | Acquired the +0 pair of fencer's gloves {Riposte Dex+3}
  5673 | D:5      | Found the +0 pair of fencer's gloves {Riposte Dex+3}
  6231 | D:6      | Reached skill level 7 in Fighting
  6282 | D:6      | Reached *** piety under Trog
  6322 | D:6      | Reached XP level 8. HP: 13/73 MP: 7/7
  7176 | D:7      | Found a blossoming altar of Fedhas.
  7185 | D:7      | Found a glowing silver altar of Zin.
  7237 | D:7      | Found Iptimiusch's General Store.
  7361 | D:7      | Reached skill level 8 in Fighting
  7361 | D:7      | Reached skill level 5 in Dodging
  8109 | D:8      | Reached skill level 9 in Fighting
  8109 | D:8      | Reached XP level 9. HP: 48/83 MP: 8/8
  8129 | D:8      | Reached skill level 10 in Fighting
  8948 | D:9      | Noticed Gastronok
  8957 | D:9      | Reached skill level 10 in Armour
  8973 | D:9      | Reached XP level 10. HP: 82/94 MP: 9/9
  8992 | D:9      | Killed Gastronok
  8993 | D:9      | Reached skill level 11 in Fighting
  9382 | D:9      | Found a flagged portal.
  9388 | D:9      | Paralysed by a hornet for 2 turns
  9413 | Bailey   | Entered a bailey
  9869 | Bailey   | Reached **** piety under Trog
  9891 | Bailey   | Noticed an orc knight
  9907 | Bailey   | Killed an orc knight
  9908 | Bailey   | Reached skill level 12 in Fighting
 10343 | Bailey   | Acquired 972 gold pieces
 10399 | Bailey   | Noticed an orc high priest
 10407 | Bailey   | Noticed a smoke demon
 10407 | Bailey   | Noticed an orc knight
 10424 | Bailey   | Killed an orc high priest
 10425 | Bailey   | Reached XP level 11. HP: 49/104 MP: 3/10
 10522 | Bailey   | Killed an orc knight
 11534 | Bailey   | Found an iron altar of Okawaru.
 11809 | Bailey   | Reached skill level 13 in Fighting
 11809 | Bailey   | Reached skill level 10 in Axes
 11809 | Bailey   | Reached XP level 12. HP: 116/116 MP: 11/11
 11952 | D:9      | Found a staircase to the Lair.
 11988 | D:9      | Reached skill level 14 in Fighting
 12168 | D:7      | Bought a manual of Dodging for 1040 gold pieces
 12282 | D:10     | Entered Level 10 of the Dungeon
 12674 | D:10     | Noticed a centaur warrior
 12706 | D:10     | Found an ancient bone altar of Kikubaaqudgha.
 12787 | D:10     | Found a portal to a secret trove of treasure.
 13080 | D:10     | Found Ciggenub's Fire Supplies.
 13157 | D:10     | Bought a ring of protection from fire for 375 gold pieces
 13403 | D:11     | Noticed Grum
 13412 | D:11     | Reached skill level 10 in Dodging
 13418 | D:11     | Killed Grum
 13538 | D:11     | Reached ***** piety under Trog
 13714 | D:11     | Found Etepny's Antique Weapon Boutique.
 14215 | D:11     | Noticed Sonja
 14240 | D:11     | Reached skill level 15 in Fighting
 14653 | D:11     | Killed Sonja
 15001 | D:11     | Noticed a two-headed ogre
 15010 | D:11     | Killed a two-headed ogre
 15011 | D:11     | Reached XP level 13. HP: 65/127 MP: 6/12
 15227 | D:11     | Reached skill level 15 in Armour
 15615 | D:11     | Identified the amulet "Bosel" {rF++ rC+++ Will- Regen+
                  | Int-2}
 15615 | D:11     | Identified the ring "Eshe Hoi" {rElec rPois}
 15739 | D:11     | Identified the ring of the Riding Gods {rC+ rCorr}
 15742 | D:11     | Identified the ring "Reistao" {rPois Will+ Str+6 Int-5}
 15852 | D:11     | Identified the +3 whip of Defiance {vorpal, +Blink Dex+3
                  | Stlth+}
 16083 | D:12     | Noticed testman's ghost (journeyman GrEE)
 16243 | D:12     | Found a runed translucent gate.
 16243 | D:12     | Found a runed translucent gate.
 16243 | D:12     | Found a runed translucent gate.
 16273 | D:12     | Reached skill level 16 in Fighting
 16289 | D:12     | Killed from afar by testman's ghost

Illustrated notes

Levels and vault maps discovered:
D:1:      lightli_molten_gateway, layout_rooms, hangedman_feature_mirror
D:2:      layout_basic, basic_ecumenical_altar
D:3:      layout_basic, grunt_gozag_breadcrumbs,
          nicolae_dithmenos_through_a_glass_darkly, chequers_avenue
D:4:      minmay_door_path, layout_gridville, minmay_temple_entry_hall,
          serial_shops, nicolae_take_the_stairs, uniq_blork_the_orc
D:5:      layout_rooms, gup_sewer_entry_bowl
D:6:      layout_basic
D:7:      layout_cave_pools, grunt_temple_overflow_open,
          nicolae_concentric_dashed_squares_mild, kennysheep_small_circle
D:8:      layout_gridville
D:9:      layout_cave_pools, yredelemnul_forgotten_temple_becter,
          minmay_lair_entry_grove, enter_bailey_4, minmay_ruffians,
          uniq_gastronok
D:10:     layout_basic, kiku_gazebo_garden_becter, enter_trove_2,
          nicolae_shop_fire_sale [nicolae_sub_dead_trees],
          onia_ninara_dug_in_and_dangerous
D:11:     minmay_the_grid_triangle_9x9_recursive_3
          [minmay_the_grid_triangle_9x9_impossible_snake,
          minmay_the_grid_triangle_9x9_dagger,
          minmay_the_grid_triangle_9x9_windchime,
          minmay_the_grid_triangle_9x9_prize_special,
          minmay_the_grid_triangle_9x9_checkered,
          minmay_the_grid_triangle_9x9_odd_lines,
          minmay_the_grid_triangle_9x9_intruding_spiral,
          minmay_the_grid_triangle_9x9_descending_squares,
          minmay_the_grid_triangle_9x9_pentomino_pain], layout_small_grid,
          serial_shops, nicolae_stop_n_shop_1, uniq_sonja, uniq_grum
D:12:     layout_rooms, kennysheep_orc_monster_closet_entryway,
          gammafunk_ghost_icy

Skill      XL: |  1  2  3  4  5  6  7  8  9 10 11 12 13 |
---------------+----------------------------------------+-----
Fighting       | 4 5 6 7 9 10 12 13 15 16 | 16.0
Armour         | 3 4 5 6 8 10 12 13 14 15 | 15.7
Axes           | 4 5 6 7 9 10 11 12 | 12.3
Dodging        | 3 4 5 6 8 9 10 11 | 11.8

Action                   |  1- 3 |  4- 6 |  7- 9 | 10-12 | 13-15 || total
-------------------------+-------+-------+-------+-------+-------++-------
Melee: Hand axe          |   101 |    23 |   110 |    26 |       ||   260
       Headbutt          |    12 |    47 |    72 |    91 |    46 ||   268
       Punch             |     1 |     4 |     4 |     2 |       ||    11
       Whip              |       |   285 |   173 |    27 |       ||   485
       Battleaxe         |       |       |       |   327 |   115 ||   442
       Flail             |       |       |       |    18 |     2 ||    20
 Fire: Heavy crossbow    |       |       |       |     1 |       ||     1
Invok: Berserk           |     1 |     2 |     2 |     7 |     2 ||    14
       Trog's Hand       |       |     1 |     4 |     9 |     5 ||    19
  Use: Scroll            |       |     7 |     6 |     6 |     2 ||    21
       Potion            |       |       |     3 |     9 |     3 ||    15
 Stab: Paralysed         |       |       |       |     2 |       ||     2
Armor: Animal skin       |    10 |       |       |       |       ||    10
       Ring mail         |     7 |    20 |       |       |       ||    27
       Plate armour      |       |    89 |   218 |   532 |   185 ||  1024
Dodge: Dodged            |    63 |    87 |   108 |   285 |    79 ||   622
       Rpst.: Whip       |       |       |    10 |       |       ||    10
       Hand axe          |       |       |    17 |     4 |       ||    21
       Battleaxe         |       |       |       |    54 |    14 ||    68
       Flail             |       |       |       |     2 |       ||     2

Table legend: (Time is in decaauts)
 A = Elapsed time spent in this place.
 B = Non-inter-level travel time spent in this place.
 C = Inter-level travel time spent in this place.
 D = Time resting spent in this place.
 E = Time spent auto-exploring this place.
 F = Levels seen in this place.
 G = Mean time per level.
                   A        B        C        D        E       F      G
               +--------+--------+--------+--------+--------+-----+--------+
         Total |  16486 |  16281 |    205 |   2635 |   9802 |  14 | 1177.6 |
       Dungeon |  12893 |  12688 |    205 |   1055 |   8888 |  12 | 1074.4 |
         Sewer |   1146 |   1146 |      0 |      0 |    662 |   1 | 1146.0 |
        Bailey |   2446 |   2446 |      0 |   1580 |    250 |   1 | 2446.0 |
               +--------+--------+--------+--------+--------+-----+--------+

Top non-repeatable levels by time:
    D:11: 2825 daAuts
  Bailey: 2446 daAuts
     D:2: 1902 daAuts
     D:8: 1280 daAuts
     D:5: 1171 daAuts
   Sewer: 1146 daAuts
    D:10: 1021 daAuts
     D:6: 859 daAuts
     D:4: 839 daAuts
     D:7: 837 daAuts
     D:9: 700 daAuts
     D:3: 623 daAuts
     D:1: 608 daAuts
    D:12: 223 daAuts
